 Dungeon Crawl Stone Soup version 0.26-a0-851-g735459dd53 (webtiles) character file.

Game seed: 7280913717437575173

6739 Conn the Covert (level 11, -3/67 (68) HPs)
             Began as an Octopode Fire Elementalist on Nov 21, 2020.
             Was a Believer of Vehumet.
             Slain by an elephant (4 damage)
             ... while petrified by a basilisk
             ... on level 10 of the Dungeon.
             The game lasted 00:37:06 (13332 turns).

Conn the Covert (Octopode Fire Elementalist)       Turns: 13332, Time: 00:37:07

HP:   -3/67 (68)    AC:  1    Str: 14    XL:     11   Next: 4%
MP:   17/22         EV:  2    Int: 20    God:    Vehumet [**....]
Gold: 473           SH:  0    Dex: 13    Spells: 4/25 levels left

rFire    + . .     SeeInvis +   t - +2 dagger (protect)
rCold    . . .     Faith    .   (no shield)
rNeg     + + +     Spirit   .   (helmet restricted)
rPois    ∞         Reflect  .   (no amulet)
rElec    .         Harm     .   s - +6 ring of strength
rCorr    .         Rampage  .   u - ring of see invisible
MR       .....                  w - ring of fire
Stlth    +++++.....             I - ring of protection from cold
HPRegen  0.21/turn              (no ring)
MPRegen  0.18/turn              (no ring)
                                (no ring)
                                (no ring)

@: petrified
A: almost no armour, stealthy swim, amphibious, 8 rings, constrict 8, tentacle
spike 1, large bone plates 1, camouflage 1, gelatinous body 1
a: Renounce Religion


You were on level 10 of the Dungeon.
You worshipped Vehumet.
Vehumet was pleased with you.
You visited 2 branches of the dungeon, and saw 11 of its levels.

You collected 473 gold pieces.

Inventory:

Hand Weapons
 c - a +0 dagger
 e - a +0 whip of distortion
 g - a +0 short sword
 m - a +2 falchion of protection
 o - a +0 dagger of venom
 t - a +2 dagger of protection (weapon)
Missiles
 y - 66 poisoned darts (quivered)
Jewellery
 s - a +6 ring of strength (left tentacle)
 u - a ring of see invisible (right tentacle)
 w - a ring of fire (on tentacle)
 I - a ring of protection from cold (on tentacle)
Wands
 j - a wand of paralysis (6)
 v - a wand of iceblast (12)
 A - a wand of flame (19)
 C - a wand of random effects (11)
Scrolls
 b - 10 scrolls of identify
 d - 2 scrolls of magic mapping
 f - 5 scrolls of remove curse
 h - 3 scrolls of amnesia
 k - 4 scrolls of fog
 n - 2 scrolls of teleportation
 E - 4 scrolls of blinking
 G - a scroll of enchant armour
 H - 3 scrolls of enchant weapon {unknown}
Potions
 a - 8 potions of curing
 i - a potion of heal wounds
 l - a potion of magic
 p - 2 potions of lignification
 q - a potion of brilliance
 r - a potion of ambrosia
 x - 2 potions of flight
 z - 3 potions of might
 B - a potion of mutation
 D - a potion of invisibility


   Skills:
 + Level 3.7 Fighting
 + Level 3.9(4.9) Short Blades
 + Level 4.6(5.3) Long Blades
 + Level 4.6 Dodging
 - Level 9.2 Stealth
 + Level 1.9 Shields
 * Level 7.6 Spellcasting
 * Level 7.6 Conjurations
 + Level 6.6 Fire Magic


You had 4 spell levels left.
You knew the following spells:

 Your Spells              Type           Power        Failure   Level
a - Foxfire               Conj/Fire      ####         1%          1
b - Conjure Flame         Conj/Fire      ######..     1%          3
c - Inner Flame           Hex/Fire       ####....     7%          3
d - Sticky Flame          Conj/Fire      ######..     4%          4
e - Searing Ray           Conj           #####.       1%          2
f - Fireball              Conj/Fire      ######....   13%         5
g - Static Discharge      Conj/Air       ###.....     5%          3

Your spell library contained the following spells:

 Spells                   Type           Power        Failure   Level
 Animate Skeleton         Necr           #.....       9%          1
 Apportation              Tloc           #.....       9%          1
 Corona                   Hex            #......      9%          1
 Summon Small Mammal      Summ           #...         9%          1
 Confusing Touch          Hex            #.......     26%         3
 Gell's Gravitas          Tloc           #.........   26%         3
 Petrify                  Tmut/Erth      #.......     65%         4
 Metabolic Englaciation   Hex/Ice        #.........   94%         5
 Yara's Violent Unravell  Hex/Tmut       #.........   94%         5


Dungeon Overview and Level Annotations

Branches:
Dungeon (10/15)            Temple (1/1) D:7
   Lair: D:8-11         Orc: D:9-12

Altars:
Ashenzari
Cheibriados
Dithmenos
Kikubaaqudgha
Makhleb
Nemelex Xobeh
Qazlal
Trog
Uskayaw
Vehumet
Wu Jian
The Shining One

Annotations:
D:3 Crazy Yiuf
D:7 Joseph


Innate Abilities, Weirdness & Mutations

You cannot wear most types of armour.
You are very stealthy in the water. (Stealth+)
You are amphibious.
You can wear up to eight rings at the same time.
You can use your tentacles to constrict eight enemies at once.
Your skin changes colour to match your surroundings (Stealth+).
Your rubbery body absorbs attacks. (AC +1, EV +1)
One of your tentacles bears a spike.
You are partially covered in large bone plates. (SH +4)


Message History

The basilisk looks frightened!
You have turned to stone.
The death yak gores you!! The death yak gores you! The elephant tramples you.
You hold your ground!
The elephant trunk-slaps you. The death yak gores you!
The elephant tramples you!
You hold your ground!
The elephant trunk-slaps you. The death yak gores you!!
The elephant tramples you!
* * * LOW HITPOINT WARNING * * *
You hold your ground!
The elephant trunk-slaps you.
* * * LOW HITPOINT WARNING * * *
The death yak barely misses you. The elephant tramples you!!
* * * LOW HITPOINT WARNING * * *
You hold your ground!
The elephant trunk-slaps you.
* * * LOW HITPOINT WARNING * * *
The death yak gores you!
* * * LOW HITPOINT WARNING * * *
The elephant barely misses you. The elephant trunk-slaps you.
* * * LOW HITPOINT WARNING * * *
The death yak barely misses you. The elephant tramples you!
You die...

..###.# #######..
#####.....# #..
#...#.....#### #.. .
#..#......... #..
....#..#.......# #..
.Y.l...'...§...#. #..
Y...#..#..#...... #.. .
#..#YY....... #..
#..#@........ #..
#..#..#...... #.. ...
####..#...... #.. #...
#.........#....#.. ....
#.........+....#..
...#######...#.....#....#..
#................#....#..
#.#...#.#####....#....#.#
#.......# ...#....#..


You could see a death yak and an elephant.

Vanquished Creatures
  2 two-headed ogres
  The ghost of Kae the Martial Artist, a novice TeTm of Hepliaklqana (D:7)
  Sigmund (D:3)
  A wyvern (D:9)
  4 orc warriors
  3 sky beasts
  2 necrophages (D:9)
  6 ice beasts
  4 ogres
  A black bear (D:6)
  A centaur (D:8)
  A big kobold (D:9)
  5 bullfrogs
  A wyvern skeleton (D:6)
  5 scorpions
  10 killer bees (D:9)
  A howler monkey (D:5)
  A centaur zombie (D:9)
  A bullfrog zombie (D:2)
  A jelly (D:8)
  4 orc priests
  7 hounds
  5 centaur skeletons
  A gnoll shaman (D:8)
  4 iguanas
  8 orc wizards
  2 worker ants
  A hound skeleton (D:4)
  A worker ant zombie (D:6)
  A howler monkey zombie (D:7)
  6 gnolls
  16 adders
  A hound simulacrum (D:7)
  2 shadow imps
  3 white imps
  A worker ant simulacrum (D:7)
  5 ufetubi
  An ooze (D:3)
  An adder skeleton (D:9)
  An adder zombie (D:7)
  5 worms
  2 dart slugs
  2 adder simulacra (D:7)
  7 leopard geckos
  28 orcs
  2 ball pythons
  6 bats
  3 giant cockroaches
  14 goblins
  12 hobgoblins
  2 jackals (D:5)
  2 quokkas
  8 frilled lizards
  12 kobolds
  3 quokka skeletons
  9 rats
240 creatures vanquished.

Vanquished Creatures (others)
  430 foxfires
430 creatures vanquished.

Grand Total: 670 creatures vanquished

Notes
Turn   | Place    | Note
-------+----------+-------------------------------------------
     0 | D:1      | Conn the Octopode Fire Elementalist began the quest for the
                  | Orb.
     0 | D:1      | Reached XP level 1. HP: 11/11 MP: 3/3
   251 | D:1      | You fall into a shaft and drop 1 floor!
   261 | D:2      | Reached XP level 2. HP: 16/17 MP: 5/5
   539 | D:2      | Reached skill level 3 in Stealth
   539 | D:2      | Reached XP level 3. HP: 13/21 MP: 1/6
  1353 | D:1      | Reached XP level 4. HP: 20/27 MP: 0/7
  2262 | D:2      | Reached XP level 5. HP: 14/31 MP: 0/8
  2987 | D:3      | Learned a level 3 spell: Conjure Flame
  2991 | D:3      | Learned a level 3 spell: Inner Flame
  3120 | D:3      | Reached skill level 1 in Short Blades
  3286 | D:3      | Noticed Sigmund
  3299 | D:3      | Killed Sigmund
  3300 | D:3      | Reached skill level 1 in Fighting
  3300 | D:3      | Reached skill level 4 in Stealth
  3300 | D:3      | Reached XP level 6. HP: 28/38 MP: 4/10
  4029 | D:3      | Found a runed translucent door.
  4030 | D:3      | Noticed Crazy Yiuf
  4145 | D:4      | Found a sparkling altar of Nemelex Xobeh.
  4193 | D:4      | Gained mutation: You are occasionally teleported next to
                  | monsters. [potion of mutation]
  4193 | D:4      | Gained mutation: You are dopey. (Int -2) [potion of
                  | mutation]
  4193 | D:4      | Gained mutation: Scrolls take you a little longer to read.
                  | [potion of mutation]
  4193 | D:4      | Gained mutation: You possess an exceptional clarity of
                  | mind. [potion of mutation]
  4206 | D:4      | Reached skill level 5 in Stealth
  4206 | D:4      | Reached XP level 7. HP: 30/43 MP: 12/12
  4357 | D:5      | Entered Level 5 of the Dungeon
  4368 | D:5      | Learned a level 4 spell: Sticky Flame
  4536 | D:5      | Found a glowing golden altar of the Shining One.
  5061 | D:5      | Reached skill level 5 in Fire Magic
  5181 | D:5      | Found a sparkling altar of Nemelex Xobeh.
  5330 | D:5      | Reached skill level 6 in Stealth
  5729 | D:4      | Reached XP level 8. HP: 48/48 MP: 9/14
  6522 | D:4      | Reached skill level 1 in Long Blades
  6637 | D:4      | Found an ornate altar of the Wu Jian Council.
  7142 | D:6      | Reached skill level 7 in Stealth
  7142 | D:6      | Reached skill level 5 in Spellcasting
  7382 | D:6      | Lost mutation: You possess an exceptional clarity of mind.
                  | [potion of mutation]
  7382 | D:6      | Lost mutation: You are dopey. (Int -2) [potion of mutation]
  7382 | D:6      | Gained mutation: You are frail. (-10% HP) [potion of
                  | mutation]
  7382 | D:6      | Gained mutation: You are resistant to electric shocks.
                  | (rElec) [potion of mutation]
  7382 | D:6      | Gained mutation: You are partially covered in large bone
                  | plates. (SH +4) [potion of mutation]
  7786 | D:7      | Found a runed translucent gate.
  7786 | D:7      | Found a runed translucent gate.
  7805 | D:7      | Noticed Kae's ghost (novice TeTm)
  7873 | D:7      | Found a runed translucent gate.
  7895 | D:7      | Reached XP level 9. HP: 37/48 MP: 12/16
  7967 | D:7      | Found a staircase to the Ecumenical Temple.
  7979 | Temple   | Entered the Ecumenical Temple
  8072 | Temple   | Became a worshipper of Vehumet
  8194 | D:7      | Noticed Joseph
  8657 | D:7      | Reached skill level 5 in Conjurations
  9397 | D:7      | Killed Kae's ghost
  9398 | D:7      | Reached skill level 8 in Stealth
  9594 | D:8      | Reached skill level 1 in Shields
  9596 | D:8      | Lost mutation: You are frail. (-10% HP) [potion of
                  | mutation]
  9596 | D:8      | Lost mutation: Scrolls take you a little longer to read.
                  | [potion of mutation]
  9596 | D:8      | Lost mutation: You are occasionally teleported next to
                  | monsters. [potion of mutation]
  9596 | D:8      | Lost mutation: You are resistant to electric shocks.
                  | (rElec) [potion of mutation]
  9596 | D:8      | Gained mutation: One of your tentacles bears a spike.
                  | [potion of mutation]
  9868 | D:8      | Reached * piety under Vehumet
  9868 | D:8      | Offered knowledge of Magic Dart by Vehumet.
 10064 | D:8      | Found a broken altar of Ashenzari.
 10384 | D:8      | Reached XP level 10. HP: 42/63 MP: 4/19
 10536 | D:8      | Noticed a two-headed ogre
 10552 | D:8      | Killed a two-headed ogre
 11386 | D:9      | Noticed a two-headed ogre
 11870 | D:9      | Reached ** piety under Vehumet
 11870 | D:9      | Offered knowledge of Searing Ray by Vehumet.
 11874 | D:9      | Learned a level 2 spell: Searing Ray
 11880 | D:9      | Learned a level 5 spell: Fireball
 12053 | D:9      | Killed a two-headed ogre
 12547 | D:9      | Reached skill level 9 in Stealth
 12669 | D:9      | Found a hide-covered altar of Uskayaw.
 13203 | D:10     | Entered Level 10 of the Dungeon
 13208 | D:10     | Offered knowledge of Static Discharge by Vehumet.
 13209 | D:10     | Reached XP level 11. HP: 67/67 MP: 22/22
 13213 | D:10     | Learned a level 3 spell: Static Discharge
 13316 | D:10     | Noticed a death yak
 13331 | D:10     | HP: 2/67 [death yak (3)]
 13332 | D:10     | Slain by an elephant

Illustrated notes

Levels and vault maps discovered:
D:1:      lemuel_arrival_muddy, layout_basic
D:2:      layout_loops_corners
D:3:      layout_basic, uniq_sigmund, uniq_crazy_yiuf_cottage
D:4:      minmay_spotlight, layout_loops_cross, kennysheep_mini_moat,
          nemelex_xobeh_ov_fountains_minmay
D:5:      layout_loops_ring, marbit_many_paths, tso_metal_star
D:6:      wander_river, layout_loops_ring
D:7:      layout_loops_ring, minmay_temple_entry_junction, gammafunk_ghost_icy,
          uniq_joseph
D:8:      layout_loops_ring, overflow_temple_1_default
D:9:      layout_loops_ring, eat_drink_and_be_merry_uskayaw, minmay_fountain_box
D:10:     layout_stronghold, david_lair_generic, serial_column_ruins,
          column_ruins_grid_5, column_ruins_open_tiny, column_ruins_grid_1,
          column_ruins_open_medium, column_ruins_open_medium,
          column_ruins_open_small, column_ruins_open_small
Temple:   dpeg_five_rooms_temple

Skill      XL: |  1  2  3  4  5  6  7  8  9 10 |
---------------+-------------------------------+-----
Stealth        | 3 4 5 6 7 8 9 |  9.2
Fire Magic     | 4 5 6 |  6.6
Conjurations   | 2 3 4 6 7 |  7.6
Short Blades   | 1 2 3 |  3.9
Fighting       | 1 2 3 |  3.7
Spellcasting   | 3 4 5 6 7 |  7.6
Dodging        | 3 4 |  4.6
Long Blades    | 3 4 |  4.6
Shields        | 1 |  1.9

Action                   |  1- 3 |  4- 6 |  7- 9 | 10-12 || total
-------------------------+-------+-------+-------+-------++-------
Melee: Dagger            |    13 |    28 |   106 |    95 ||   242
       Constrict         |     6 |     7 |    51 |    13 ||    77
       Unarmed           |     1 |       |       |       ||     1
       Short sword       |     3 |    22 |       |       ||    25
       Tentacles         |     1 |     7 |    74 |    17 ||    99
       Falchion          |       |       |   170 |       ||   170
       Kick              |       |       |    19 |    27 ||    46
 Cast: Foxfire           |    52 |    69 |    86 |    39 ||   246
       Conjure Flame     |       |     1 |     5 |       ||     6
       Sticky Flame      |       |       |     6 |    16 ||    22
       Fireball          |       |       |       |     1 ||     1
  Use: Potion            |       |     8 |     7 |       ||    15
       Scroll            |       |       |    13 |     1 ||    14
 Stab: Sleeping          |     1 |     9 |    22 |     9 ||    41
Armor: Skin              |     7 |     5 |    52 |    18 ||    82
Dodge: Dodged            |    23 |    34 |   156 |    77 ||   290
Block: Other             |       |       |    17 |    21 ||    38
       Rpst.: Falchion   |       |       |    22 |       ||    22

Table legend: (Time is in decaauts)
 A = Elapsed time spent in this place.
 B = Non-inter-level travel time spent in this place.
 C = Inter-level travel time spent in this place.
 D = Time resting spent in this place.
 E = Time spent auto-exploring this place.
 F = Levels seen in this place.
 G = Mean time per level.
                   A        B        C        D        E       F      G
               +--------+--------+--------+--------+--------+-----+--------+
         Total |  13335 |  12871 |    464 |   2679 |   6667 |  11 | 1212.3 |
       Dungeon |  13205 |  12764 |    441 |   2679 |   6609 |  10 | 1320.5 |
        Temple |    129 |    106 |     23 |      0 |     58 |   1 |  129.0 |
               +--------+--------+--------+--------+--------+-----+--------+

Top non-repeatable levels by time:
     D:8: 1826 daAuts
     D:7: 1773 daAuts
     D:2: 1696 daAuts
     D:9: 1691 daAuts
     D:3: 1312 daAuts
     D:5: 1305 daAuts
     D:4: 1266 daAuts
     D:1: 1120 daAuts
     D:6: 1085 daAuts
  Temple: 129 daAuts
    D:10: 128 daAuts
